 Dungeon Crawl Stone Soup version 0.27-a0-951-gae3e1deef5 (webtiles) character file.

Game seed: 1951147453135647963

86094 Alarkh the Martial Artist (level 15, -17/117 HPs)
             Began as a Demonspawn Transmuter on Apr 11, 2021.
             Was a High Priest of Cheibriados.
             Killed from afar by a fire dragon (42 damage)
             ... with a blast of flame
             ... on level 14 of the Dungeon.
             The game lasted 00:49:50 (22100 turns).

Alarkh the Martial Artist (Demonspawn Transmuter)  Turns: 22100, Time: 00:49:50

Health: -17/117    AC: 16    Str: 30      XL:     15   Next: 39%
Magic:  24/24      EV: 20    Int: 39 (41) God:    Cheibriados [*****.]
Gold:   3496       SH: 16    Dex: 28      Spells: 0/26 levels left

rFire    . . .     SeeInvis .     - Unarmed
rCold    + . .     Faith    .   v - +2 kite shield {rC+}
rNeg     . . .     Spirit   .   P - +0 acid dragon scales
rPois    +         Reflect  .   e - +1 helmet
rElec    +         Harm     .   C - +0 cloak
rCorr    +         Rampage  .   (no gloves)
Will     +....                  m - +0 pair of boots "Moss" {Str+5 Int+7}
Stlth    +++++.....             M - amulet of regeneration
HPRegen  1.29/turn              q - ring of Wisdom {Fly rElec rPois rF-}
MPRegen  0.19/turn              a - ring of protection from fire

@: about to teleport, sanguine armoured, flying, studying Invocations, very slow
A: powered by death 3, powered by pain 3, sanguine armour 1, claws 1,
deterioration 1, electricity resistance, sturdy frame 1
a: Renounce Religion, Bend Time, Temporal Distortion, Slouch, Step From Time


You were on level 14 of the Dungeon.
You worshipped Cheibriados.
Cheibriados was extremely pleased with you.
You visited 3 branches of the dungeon, and saw 21 of its levels.
You also visited: Sewer.

You collected 3496 gold pieces.

Inventory:

Missiles
 d - 71 poisoned darts
 k - 7 curare-tipped darts
 y - 3 throwing nets
 I - 6 boomerangs of dispersal
Armour
 e - a +1 helmet (worn)
 m - the +0 pair of boots "Moss" (worn) {Str+5 Int+7}
   (You found it on level 5 of the Dungeon)

   It affects your strength (+5).
   It affects your intelligence (+7).
 v - a +2 kite shield of cold resistance (worn)
 C - a +0 cloak (worn)
 P - +0 acid dragon scales (worn)
Jewellery
 a - a ring of protection from fire (right claw)
 h - an amulet of faith
 q - the ring of Wisdom (left claw) {Fly rElec rPois rF-}
   (You acquired it on level 3 of the Lair of Beasts)

   [ring of flight]

   It makes you vulnerable to fire.
   It insulates you from electricity.
   It protects you from poison.
   It grants you flight.
 B - a ring of ice
 M - an amulet of regeneration (around neck)
Wands
 g - a wand of flame (23)
 j - a wand of iceblast (20)
 x - a wand of charming (10)
 D - a wand of mindburst (15)
 S - a wand of paralysis (7)
Scrolls
 b - 3 scrolls of teleportation
 r - 2 scrolls of identify
 t - 2 scrolls of amnesia
 u - a scroll of magic mapping
 w - 3 scrolls of enchant weapon
 H - 2 scrolls of enchant armour
 J - a scroll of fog
 Q - 3 scrolls of fear
 R - 2 scrolls of brand weapon
Potions
 c - 4 potions of mutation
 f - 6 potions of flight
 i - 3 potions of might
 l - a potion of cancellation
 n - 6 potions of heal wounds
 o - 12 potions of curing
 p - a potion of berserk rage {unknown}
 s - a potion of attraction
 z - 2 potions of brilliance
 A - 4 potions of lignification
 G - 4 potions of invisibility
 K - 2 potions of magic
 L - 3 potions of ambrosia


   Skills:
 - Level 10.5 Fighting
 - Level 9.1 Dodging
 - Level 9.5 Stealth
 + Level 8.8 Shields
 - Level 13.7 Unarmed Combat
 - Level 6.0 Spellcasting
 - Level 0.3 Conjurations
 - Level 6.0 Transmutations
 - Level 4.0 Ice Magic
 - Level 0.3 Earth Magic
 - Level 12.6 Invocations


You couldn't memorise any spells.
You knew the following spells:

 Your Spells              Type           Power      Damage    Failure   Level
a - Statue Form           Tmut/Erth      24%        N/A       95%         6
b - Spider Form           Tmut/Pois      17%        N/A       6%          3
c - Ice Form              Ice/Tmut       50%        N/A       9%          4
d - Hydra Form            Tmut           28%        N/A       16%         5
e - Wereblood             Tmut           56%        N/A       1%          2
f - Iron Shot             Conj/Erth      7%         9d2       100%        6

Your spell library contained the following spells:

 Spells                   Type           Power      Damage    Failure   Level
 Beastly Appendage        Tmut           100%       N/A       1%          1
 Magic Dart               Conj           56%        1d5       6%          1
 Searing Ray              Conj           28%        3d4       9%          2
 Corpse Rot               Necr/Air       N/A        N/A       10%         2
 Sublimation of Blood     Necr           5%         N/A       10%         2
 Dazzling Flash           Conj/Hex       26%        N/A       19%         3
 Petrify                  Tmut/Erth      36%        N/A       19%         4
 Confusing Touch          Hex            11%        N/A       21%         3
 Gell's Gravitas          Tloc           5%         N/A       21%         3
 Yara's Violent Unravell  Hex/Tmut       17%        3d8       47%         5
 Fulminant Prism          Conj/Hex       6%         3d7       52%         4
 Iskenderun's Mystic Bla  Conj/Tloc      13%        2d5       52%         4
 Animate Armour           Summ/Erth      24%        N/A       54%         4
 Dispel Undead            Necr           11%        3d9       54%         4
 Leda's Liquefaction      Hex/Erth       6%         N/A       54%         4
 Metabolic Englaciation   Hex/Ice        13%        N/A       63%         5
 Bolt of Magma            Conj/Fire/Erth 6%         4d6       86%         5
 Agony                    Necr           11%        N/A       88%         5
 Excruciating Wounds      Necr           5%         N/A       88%         5
 Shatter                  Erth           7%         3d9*      100%        9


Dungeon Overview and Level Annotations

Branches:
Dungeon (14/15)            Temple (1/1) D:7            Lair (6/6) D:10
  Swamp (0/4) Lair:3        Snake (0/4) Lair:4        Slime (0/5) Lair:5
    Orc (0/2) D:9          Vaults (0/5) D:13          Sewer (visited)

Altars:
Ashenzari
Cheibriados
Dithmenos
Elyvilon
Fedhas
Gozag
Hepliaklqana
Kikubaaqudgha
Makhleb
Nemelex Xobeh
Okawaru
Qazlal
Ru
Sif Muna
Trog
Uskayaw
Vehumet
Wu Jian
Xom
Yredelemnul
Zin
The Shining One
Jiyva

Shops:
D:8 *

Portals:
Abyss: D:12

Annotations:
D:12 2 transporters, polve's ghost, journeyman MiBe


Innate Abilities, Weirdness & Mutations

You regenerate a lot of health from kills.
You are powered by pain.
When seriously injured, your bleeding wounds create armour. (AC +6)
You have sharp fingernails.
Your body sometimes deteriorates upon taking damage.
You are resistant to electric shocks. (rElec)
Your movements are slightly less encumbered by armour. (ER -2)


Message History

You scratch the fire dragon.
The fire dragon is severely wounded.
The fire dragon bites you but does no damage.
The fire dragon barely misses you. You block the fire dragon's attack.
A flayed ghost comes into view.
You mangle the fire dragon!!
The fire dragon is almost dead.
The fire dragon closely misses you. You block the fire dragon's attack.
The fire dragon completely misses you.
The centaur warrior unwields a +0 shortbow.
The centaur warrior wields a +2 rapier of venom.
It begins to drip with poison!
You block the centaur warrior's attack. The centaur warrior kicks you.
You scratch the fire dragon.
The fire dragon is almost dead.
The centaur warrior hits you with a +2 rapier of venom.
You block the centaur warrior's attack. The fire dragon barely misses you.
The fire dragon misses you. The fire dragon tramples you!
You are shoved backwards!
You closely miss the fire dragon.
The fire dragon is almost dead.
The centaur warrior unwields a +2 rapier of venom.
It stops dripping with poison.
The centaur warrior wields a +0 shortbow.
The centaur warrior shoots an arrow.
The arrow hits you. You block the fire dragon's attack.
The fire dragon claws you.
* * * LOW HITPOINT WARNING * * *
The fire dragon barely misses you.
The glowing orange brain blinks!
As you read the scroll of teleportation, it crumbles to dust.
You feel strangely unstable.
The centaur warrior shoots an arrow.
The arrow hits you!
* * * LOW HITPOINT WARNING * * *
You block the fire dragon's attack.
The fire dragon claws you but does no damage.
You block the fire dragon's attack.
You scratch the fire dragon.
The fire dragon is almost dead.
The fire dragon breathes flames at you. The blast of flame hits you!!!
You die...

#♣♣♣♣.#.# .♣♣♣
♣♣♣.)...#.# ....
♣♣(†.♣♣♣.#.# ♣..♣
♣♣..♣.....#.#
♣..♣
♣♣..♣#♣♣♣♣.#.#
♣.§♣# ♣♣..♣♣
..#.# ♣.W♣♣♣♣..♣♣
♣♣#.# ♣.D♣♣..♣♣
#.# ♣♣c@..♣♣ #..
♣♣G.♣♣ #..
#######.#######
#..
♣....##)##....♣
#..
#♣♣♣.#(....#.♣♣♣#
#..
#....#..).(#....#
#..
#♣♣♣.#.[.!.#.♣♣♣#
#..
♣....##.##....♣
#>.
###############
#..


You could see a fire dragon (catching breath), a flayed ghost, a glowing orange
brain and a centaur warrior.

Vanquished Creatures
  The ghost of Hyuhua the Warrior, a journeyman MiBe of Trog (Lair:3)
  A fire dragon (Lair:6)
  A yaktaur captain (D:14)
  8 vault guards (D:13)
  7 hydras
  4 centaur warriors
  2 catoblepae
  4 boulder beetles
  3 two-headed ogres
  A tengu warrior (D:14)
  The ghost of Alarkh the Martial Artist, a novice DsTm of Cheibriados (D:11)
  7 death yaks
  Nergalle (Lair:3)
  A fire crab (Lair:6)
  5 skeletal warriors
  A glowing orange brain (D:14)
  A lindwurm (Lair:6)
  An ugly thing (D:13)
  2 manticores
  4 oklob plants (Lair:5)
  7 cyclopes
  17 elephants
  9 black mambas
  Joseph (D:7)
  4 centaur zombies
  3 molten gargoyles (Lair:6)
  4 gargoyles
  A guardian serpent (Lair:4)
  13 cane toads
  A torpor snail (Lair:5)
  Maggie (Lair:1)
  Psyche (D:7)
  2 rime drakes
  17 komodo dragons
  An unseen horror (D:11)
  An efreet (D:14)
  2 trolls
  A jumping spider (shapeshifter) (D:14)
  3 polar bears
  28 blink frogs
  2 tyrant leeches (Lair:3)
  A blink frog (shapeshifter) (D:14)
  4 slime creatures (D:13)
  A dream sheep (Lair:3)
  Sigmund (D:6)
  A vampire (D:9)
  6 wyverns
  2 wraiths
  51 yaks
  5 basilisks
  3 vampire mosquitoes (D:12)
  Menkaure (D:4)
  2 steam dragons
  A swamp worm (Lair:3)
  3 acid dragons
  12 water moccasins
  4 hell hounds (Lair:6)
  An ice beast (D:8)
  A hornet zombie (D:6)
  9 orc warriors
  3 centaurs
  2 necrophages
  21 wolves
  3 ogres
  A phantom (D:6)
  2 kobold brigands
  A gnoll sergeant (D:12)
  3 scorpions
  20 bullfrogs
  A wyvern skeleton (D:6)
  2 electric eels (Lair:5)
  2 howler monkeys
  5 lava snakes (Lair:6)
  A jelly (D:7)
  A gnoll shaman (D:7)
  15 orc priests
  2 centaur skeletons (D:6)
  12 orc wizards
  4 iguanas
  5 adders
  16 gnolls
  4 shadow imps
  A white imp (D:5)
  An ufetubus (D:4)
  A worm (D:2)
  3 dart slugs
  61 orcs
  9 endoplasms
  4 giant cockroaches
  2 goblins
  5 hobgoblins
  7 jackals
  4 quokkas
  7 ball pythons
  8 bats
  3 frilled lizards
  15 kobolds
  9 rats
550 creatures vanquished.

Vanquished Creatures (others)
  An orc wizard (D:9)
  An orc (D:9)
  11 fungi
  17 plants
30 creatures vanquished.

Grand Total: 580 creatures vanquished

Notes
Turn   | Place    | Note
-------+----------+-------------------------------------------
     0 | D:1      | Alarkh the Demonspawn Transmuter began the quest for the
                  | Orb.
     0 | D:1      | Reached XP level 1. HP: 15/15 MP: 3/3
   275 | D:1      | Gained mutation: You regenerate a little health from kills.
                  | [demonic ancestry]
   275 | D:1      | Reached XP level 2. HP: 20/21 MP: 3/5
   325 | D:1      | Reached skill level 3 in Unarmed Combat
   419 | D:1      | Found a faded altar of an unknown god.
   720 | D:2      | Reached XP level 3. HP: 20/26 MP: 3/6
   992 | D:1      | Learned a level 3 spell: Spider Form
  1256 | D:2      | Reached XP level 4. HP: 33/33 MP: 3/7
  1378 | D:2      | Found a shimmering blue altar of Sif Muna.
  1678 | D:2      | Learned a level 4 spell: Ice Form
  1987 | D:3      | Gained mutation: Your body sometimes deteriorates upon
                  | taking damage. [potion of mutation]
  1987 | D:3      | Gained mutation: You are resistant to electric shocks.
                  | (rElec) [potion of mutation]
  1987 | D:3      | Gained mutation: Your movements are slightly less
                  | encumbered by armour. (ER -2) [potion of mutation]
  1987 | D:3      | Gained mutation: You have sharp fingernails. [potion of
                  | mutation]
  1993 | D:3      | HP: 1/33 [poisoned by an adder]
  2766 | D:3      | Reached XP level 5. HP: 38/38 MP: 0/9
  3131 | D:4      | Noticed a necrophage
  3136 | D:4      | Reached skill level 4 in Unarmed Combat
  3469 | D:3      | Killed a necrophage
  3470 | D:3      | Reached skill level 1 in Ice Magic
  3538 | D:4      | Noticed an ogre
  3612 | D:4      | Killed an ogre
  3613 | D:4      | Reached XP level 6. HP: 22/46 MP: 6/10
  4060 | D:4      | Noticed Menkaure
  4231 | D:4      | Killed Menkaure
  4232 | D:4      | Reached XP level 7. HP: 52/52 MP: 6/12
  4433 | D:4      | Reached skill level 5 in Unarmed Combat
  5021 | D:5      | Entered Level 5 of the Dungeon
  5508 | D:5      | Found a glowing drain.
  5515 | D:5      | Identified the +0 pair of boots "Moss" {Str+5 Int+7}
  5547 | Sewer    | Entered a sewer
  5758 | D:5      | Found a broken altar of Ashenzari.
  5917 | D:5      | Found a hazy altar of Hepliaklqana.
  5917 | D:5      | Found a shimmering altar of Xom.
  5920 | D:5      | Found a shadowy altar of Dithmenos.
  6383 | D:6      | Gained mutation: You sometimes gain a little power by
                  | taking damage. [demonic ancestry]
  6383 | D:6      | Reached XP level 8. HP: 38/60 MP: 14/14
  6624 | D:6      | Reached skill level 6 in Unarmed Combat
  6677 | D:6      | Noticed Sigmund
  6705 | D:6      | Killed Sigmund
  7536 | D:7      | Found a staircase to the Ecumenical Temple.
  7622 | Temple   | Entered the Ecumenical Temple
  7712 | Temple   | Became a worshipper of Cheibriados the Contemplative
  8046 | D:7      | Found a sacrificial altar of Ru.
  8056 | D:7      | Reached skill level 1 in Invocations
  8056 | D:7      | Gained mutation: When seriously injured, your bleeding
                  | wounds create armour. (AC +6) [demonic ancestry]
  8056 | D:7      | Reached XP level 9. HP: 64/66 MP: 16/16
  8156 | D:7      | Reached skill level 1 in Stealth
  8290 | D:7      | Reached skill level 7 in Unarmed Combat
  8389 | D:7      | Noticed Joseph
  8400 | D:7      | Killed Joseph
  8401 | D:7      | Reached skill level 5 in Fighting
  8401 | D:7      | Reached skill level 5 in Spellcasting
  8401 | D:7      | Reached skill level 5 in Transmutations
  8605 | D:8      | Noticed Psyche
  8847 | D:8      | Reached * piety under Cheibriados
  8958 | D:8      | Found Wautysta's Assorted Antiques.
  9053 | D:8      | Learned a level 5 spell: Hydra Form
  9354 | D:8      | You fall into a shaft and drop 3 floors!
  9358 | D:11     | Noticed a two-headed ogre
  9623 | D:11     | Gained mutation: You regenerate health from kills. [demonic
                  | ancestry]
  9623 | D:11     | Reached XP level 10. HP: 27/74 MP: 13/18
  9738 | D:11     | Learned a level 2 spell: Wereblood
  9763 | D:11     | Reached skill level 8 in Unarmed Combat
  9992 | D:11     | Noticed a boulder beetle
 10006 | D:11     | Killed a boulder beetle
 10006 | D:11     | Reached ** piety under Cheibriados
 10145 | D:10     | Entered Level 10 of the Dungeon
 10379 | D:9      | Noticed an angel
 10622 | D:9      | Reached skill level 5 in Invocations
 10767 | D:9      | Found a blossoming altar of Fedhas.
 10785 | D:9      | Reached skill level 9 in Unarmed Combat
 10868 | D:9      | Reached *** piety under Cheibriados
 10886 | D:9      | Found a staircase to the Orcish Mines.
 11270 | D:10     | Found a staircase to the Lair.
 11279 | D:10     | Gained mutation: You sometimes gain power by taking damage.
                  | [demonic ancestry]
 11279 | D:10     | Reached XP level 11. HP: 83/83 MP: 20/20
 11324 | D:10     | Found an iron altar of Okawaru.
 11361 | D:10     | Reached **** piety under Cheibriados
 11939 | D:11     | Found a runed translucent door.
 11939 | D:11     | Noticed Alarkh's ghost (novice DsTm)
 12107 | D:11     | Noticed a seven-headed hydra
 12114 | D:11     | Noticed a skeletal warrior
 12116 | D:11     | Noticed a skeletal warrior
 12116 | D:11     | Noticed a skeletal warrior
 12117 | D:11     | Killed a seven-headed hydra
 12120 | D:11     | Noticed a skeletal warrior
 12168 | D:11     | Killed a two-headed ogre
 12630 | Lair:1   | Entered Level 1 of the Lair of Beasts
 12700 | Lair:1   | Reached skill level 5 in Dodging
 12705 | Lair:1   | Reached skill level 5 in Stealth
 12928 | Lair:1   | Reached skill level 10 in Unarmed Combat
 13417 | Lair:1   | Reached ***** piety under Cheibriados
 13694 | Lair:1   | Noticed Maggie
 13706 | Lair:1   | Killed Maggie
 13707 | Lair:1   | Gained mutation: You are powered by pain. [demonic
                  | ancestry]
 13707 | Lair:1   | Reached XP level 12. HP: 91/91 MP: 21/21
 14929 | Lair:3   | Reached skill level 11 in Unarmed Combat
 14986 | Lair:3   | Noticed Nergalle
 14995 | Lair:3   | Killed Nergalle
 15111 | Lair:3   | Noticed a catoblepas
 15125 | Lair:3   | Killed a catoblepas
 15164 | Lair:3   | Found a transporter.
 15164 | Lair:3   | Noticed Hyuhua's ghost (journeyman MiBe)
 15294 | Lair:3   | Found a transporter.
 15301 | Lair:3   | Noticed a death yak
 15305 | Lair:3   | Noticed a death yak
 15306 | Lair:3   | Noticed a death yak
 15306 | Lair:3   | Noticed a death yak
 15322 | Lair:3   | Killed a death yak
 15327 | Lair:3   | Killed a death yak
 15329 | Lair:3   | Killed a death yak
 15334 | Lair:3   | Killed a death yak
 15400 | Lair:3   | Found a staircase to the Swamp.
 15483 | Lair:3   | Identified 2 scrolls of acquirement
 15483 | Lair:3   | Acquired 670 gold pieces
 15493 | Lair:3   | Acquired the ring of Wisdom {Fly rElec rPois rF-}
 15786 | Lair:4   | Gained mutation: You regenerate a lot of health from kills.
                  | [demonic ancestry]
 15786 | Lair:4   | Reached XP level 13. HP: 100/100 MP: 22/22
 15909 | Lair:4   | Reached ****** piety under Cheibriados
 15937 | Lair:4   | Found a staircase to the Snake Pit.
 16021 | Lair:4   | Reached skill level 12 in Unarmed Combat
 16300 | Lair:5   | Reached skill level 10 in Invocations
 16830 | Lair:5   | Found a viscous altar of Jiyva.
 16831 | Lair:5   | Found a staircase to the Slime Pits.
 17395 | Lair:6   | Entered Level 6 of the Lair of Beasts
 17432 | Lair:6   | Reached skill level 1 in Shields
 17636 | Lair:6   | Reached XP level 14. HP: 107/109 MP: 17/23
 17748 | Lair:6   | Found a large runed translucent door.
 17748 | Lair:6   | Found a large runed translucent door.
 17827 | Lair:6   | Reached skill level 13 in Unarmed Combat
 18170 | Lair:6   | Reached skill level 10 in Fighting
 18671 | Lair:2   | Acquired 1155 gold pieces
 19313 | D:11     | Killed Alarkh's ghost
 19526 | D:7      | Found a sacrificial altar of Ru.
 19535 | D:7      | Killed Psyche
 19731 | Lair:3   | Killed Hyuhua's ghost
 19930 | D:12     | Reached skill level 5 in Shields
 19939 | D:12     | Acquired a manual of Invocations
 20064 | D:12     | Found a one-way gate to the infinite horrors of the Abyss.
 20064 | D:12     | Noticed polve's ghost (journeyman MiBe)
 20069 | D:12     | Found a transporter.
 20079 | D:12     | Found a transporter.
 20387 | D:12     | Noticed a red very ugly thing
 20907 | D:13     | Found a gate to the Vaults.
 21032 | D:13     | Reached XP level 15. HP: 97/117 MP: 24/24
 21084 | D:13     | Learned a level 6 spell: Statue Form
 21091 | D:13     | Learned a level 6 spell: Iron Shot
 21296 | D:13     | Found an ancient bone altar of Kikubaaqudgha.
 22100 | D:14     | Killed from afar by a fire dragon

Illustrated notes

Levels and vault maps discovered:
D:1:      amcnicky_arrival_feature_with_door, layout_rooms,
          shapermc_ecumenical_altar_mp_ritualfount
D:2:      layout_loops_ring, basic_altar
D:3:      layout_basic, minmay_misc_feat_enclosed, roderic_roman_lattice
D:4:      layout_basic, uniq_menkaure
D:5:      layout_basic, grunt_temple_overflow_open,
          ashenzari_conservatory_becter, gup_sewer_entry_glass
D:6:      layout_basic, nrook_campfire, uniq_sigmund
D:7:      layout_rooms, hangedman_ru_absence, minmay_temple_entry_arrows,
          grunt_ogre_cave, uniq_joseph
D:8:      layout_gridville, serial_shops, nicolae_shop_statue_plus, uniq_psyche
D:9:      layout_basic, zin_angel, fedhas_altar_2, hiddenorc2_lemuel,
          hex_intersection, minmay_misc_feat_square
D:10:     layout_gridville, kennysheep_mini_moat, lair_entry_dummy
D:11:     layout_layer_cave, hellmonk_ghost_happy_afterlife,
          kennysheep_decorative_pillar
D:12:     layout_roguey, serial_glass, glass_columns_a, glass_columns_a,
          glass_columns_c, glass_columns_a, glass_columns_a, glass_columns_b,
          gammafunk_ghost_abyssal_escape
D:13:     layout_stronghold, erik_vaults_2, nicolae_kikubaaqudgha_miasma_corner
D:14:     nzn_winding_woodlands_large [nzn_winding_woodlands_5x5_checkerboard,
          nzn_winding_woodlands_5x15_longhouse, nzn_winding_woodlands_hourglass,
          nzn_winding_woodlands_center_pierced_h,
          nzn_winding_woodlands_15x15_thick_spiral,
          nzn_winding_woodlands_center_triple_pond,
          nzn_winding_woodlands_5x5_three,
          nzn_winding_woodlands_5x15_sidewinder,
          nzn_winding_woodlands_5x5_cross], layout_basic,
          hangedman_decor_opposing
Temple:   nicolae_temple_great_sept
Lair:1:   layout_cave_pods, serial_bayou_pond_d, beast_lair_carwin_9,
          grunt_megastairs_5, uniq_maggie
Lair:2:   layout_roguey, serial_rivers, chequers_serial_rivers_micro_e,
          chequers_serial_rivers_micro_a, chequers_serial_rivers_micro_d,
          chequers_serial_rivers_large_a, chequers_serial_rivers_micro_d,
          chequers_serial_rivers_marsh
Lair:3:   layout_hall_layers, minmay_swamp_entry_worms, gammafunk_ghost_arena,
          patterned_corridor, uniq_nergalle
Lair:4:   layout_roguey, minmay_snake_entry_spellcaster,
          infiniplex_staircase_pool_2, lemuel_fruit_tree
Lair:5:   layout_gridlike, dpeg_slime_entry_enclosed_altar,
          minmay_lair_oklob_chamber
Lair:6:   cheibrodos_lair_end_hotspot, layout_big_grid

Skill      XL: |  1  2  3  4  5  6  7  8  9 10 11 12 13 14 15 |
---------------+----------------------------------------------+-----
Unarmed Combat | 3 4 5 6 7 9 10 11 12 13 | 13.7
Transmutations | 2 3 4 5 6 |  6.0
Fighting       | 2 3 4 5 6 7 8 9 10 | 10.5
Spellcasting   | 3 4 5 6 |  6.0
Ice Magic      | 1 2 3 4 |  4.0
Invocations    | 1 3 5 7 9 11 12 | 12.6
Dodging        | 3 4 5 7 8 9 |  9.1
Stealth        | 2 4 6 7 8 9 |  9.5
Shields        | 2 6 8 |  8.8
Conjurations   | |  0.3
Earth Magic    | |  0.3

Action                   |  1- 3 |  4- 6 |  7- 9 | 10-12 | 13-15 || total
-------------------------+-------+-------+-------+-------+-------++-------
Melee: Unarmed           |    94 |   186 |   370 |   537 |   780 ||  1967
       Kick              |    19 |     8 |     4 |       |       ||    31
       Headbutt          |    10 |     5 |     3 |       |       ||    18
       Punch             |     1 |     1 |     6 |    17 |     9 ||    34
Throw: Dart              |       |       |     1 |       |       ||     1
 Cast: Beastly Appendage |    21 |    18 |     4 |       |       ||    43
       Spider Form       |     2 |     9 |    18 |     3 |     5 ||    37
       Ice Form          |       |     1 |     8 |    35 |    24 ||    68
       Hydra Form        |       |       |     3 |       |       ||     3
       Wereblood         |       |       |       |     6 |    11 ||    17
Invok: Slouch            |       |       |       |       |     9 ||     9
  Use: Potion            |       |     5 |     5 |     3 |     1 ||    14
       Scroll            |       |     1 |    11 |    13 |     9 ||    34
 Stab: Sleeping          |     6 |     1 |     1 |    12 |    11 ||    31
       Invisible         |       |     2 |       |       |       ||     2
       Distracted        |       |       |       |     4 |     1 ||     5
Armor: Robe              |    20 |    20 |    32 |    54 |       ||   126
       Skin              |     1 |     3 |    18 |    72 |    56 ||   150
       Acid dragon scale |       |       |       |     5 |    63 ||    68
Dodge: Dodged            |    73 |   153 |   212 |   380 |   605 ||  1423
Block: Kite shield       |       |       |       |       |   272 ||   272

Table legend: (Time is in decaauts)
 A = Elapsed time spent in this place.
 B = Non-inter-level travel time spent in this place.
 C = Inter-level travel time spent in this place.
 D = Time resting spent in this place.
 E = Time spent auto-exploring this place.
 F = Levels seen in this place.
 G = Mean time per level.
                   A        B        C        D        E       F      G
               +--------+--------+--------+--------+--------+-----+--------+
         Total |  30054 |  27632 |   2422 |   2649 |  19426 |  22 | 1366.1 |
       Dungeon |  18994 |  17743 |   1251 |   2142 |  12076 |  14 | 1356.7 |
        Temple |    217 |    208 |      9 |    102 |     71 |   1 |  217.0 |
          Lair |  10626 |   9465 |   1161 |    405 |   7129 |   6 | 1771.0 |
         Sewer |    215 |    215 |      0 |      0 |    150 |   1 |  215.0 |
               +--------+--------+--------+--------+--------+-----+--------+

Top non-repeatable levels by time:
    D:11: 2684 daAuts
  Lair:1: 2525 daAuts
  Lair:6: 2053 daAuts
  Lair:3: 1753 daAuts
  Lair:5: 1744 daAuts
    D:10: 1690 daAuts
     D:4: 1648 daAuts
    D:13: 1640 daAuts
  Lair:2: 1557 daAuts
    D:12: 1493 daAuts
     D:7: 1410 daAuts
     D:9: 1371 daAuts
     D:2: 1357 daAuts
     D:3: 1323 daAuts
     D:6: 1186 daAuts
